 Dungeon Crawl Stone Soup version 0.30-a0-1008-g30c9307041 (webtiles) character file.

Game seed: 15363964684398731869

2839 Monkooky the Magician (level 9, 0/106 HPs)
             Began as a Gnoll Warper on Apr 5, 2023.
             Was a Priest of Trog.
             Killed by divine providence
             ... invoked by an orc priest
              (13 damage)
             ... on level 7 of the Dungeon.
             The game lasted 00:13:47 (6452 turns).

Monkooky the Magician (Gnoll Warper)                Turns: 6452, Time: 00:13:49

Health: 0/106      AC: 15    Str: 12    XL:     9   Next: 74%
Magic:  19/19      EV: 10    Int: 12    God:    Trog [***...]
Gold:   645        SH:  5    Dex: 15    Spells: 22/22 levels left

rFire   . . .      SeeInvis .    L - +3 dire flail
rCold   + . .      Faith    .    (shield currently unavailable)
rNeg    . . .      Spirit   .    I - +0 plate armour {rC+}
rPois   .          Reflect  +    s - +2 helmet
rElec   .          Rampage  .    (no cloak)
rCorr   .                        (no gloves)
Will    ++...                    (no boots) Stlth
                                 q - amulet of reflection
HPRegen 1.37/turn                x - +5 ring of evasion
MPRegen 0.16/turn                (no ring)

@: berserking, strong-willed (expiring), regenerating (expiring), very quick
A: fangs 1, strong nose, distributed training
a: Renounce Religion, Berserk, Trog's Hand


You were on level 7 of the Dungeon.
You worshipped Trog.
Trog was most pleased with you.
You visited 1 branch of the dungeon, and saw 7 of its levels.
You also visited: Ossuary.

You collected 645 gold pieces.

Inventory:

Hand Weapons
 a - a +0 spear
 t - a +0 halberd
 K - a +2 war axe of flaming
 L - a +3 dire flail (weapon)
Missiles
 d - 7 boomerangs of dispersal (quivered)
Armour
 b - a +0 leather armour
 j - a +0 chain mail
 s - a +2 helmet (worn)
 I - a +0 plate armour of cold resistance (worn)
Jewellery
 q - an amulet of reflection (around neck)
 x - a +5 ring of evasion (left hand)
 z - a ring of ice
 C - an amulet of the acrobat
 H - an amulet of magic regeneration
Wands
 F - a wand of roots (23)
Scrolls
 c - a scroll of blinking
 e - a scroll of noise
 g - a scroll of magic mapping {unknown}
 h - a scroll of enchant armour
 i - 5 scrolls of teleportation
 k - a scroll of poison
 n - 3 scrolls of identify {unknown}
 p - a scroll of amnesia {unknown}
 u - a scroll of silence {unknown}
 v - 4 scrolls of vulnerability
 y - a scroll of acquirement {unknown}
 E - a scroll of fear {unknown}
Potions
 f - a potion of curing
 l - a potion of berserk rage {unknown}
 m - 2 potions of invisibility
 o - a potion of degeneration {unknown}
 r - a potion of heal wounds {unknown}
 w - a potion of brilliance {unknown}
 A - a potion of resistance {unknown}
 B - a potion of attraction {unknown}
 D - a potion of cancellation {unknown}
 G - a potion of flight {unknown}
 J - a potion of mutation {unknown}


   Skills:
 + Level 6.6 Fighting
 + Level 4.7 Short Blades
 + Level 4.7 Long Blades
 + Level 4.7 Axes
 + Level 4.7 Maces & Flails
 + Level 6.6 Polearms
 + Level 4.7 Staves
 + Level 4.7 Ranged Weapons
 + Level 5.4 Throwing
 + Level 5.4 Armour
 + Level 6.6 Dodging
 + Level 4.7 Stealth
 + Level 4.7 Shields
 + Level 4.7 Unarmed Combat
 + Level 7.0 Spellcasting
 + Level 3.9 Conjurations
 + Level 3.9 Hexes
 + Level 3.9 Summonings
 + Level 3.9 Necromancy
 + Level 6.8 Translocations
 + Level 3.9 Transmutations
 + Level 3.9 Fire Magic
 + Level 3.9 Ice Magic
 + Level 3.9 Air Magic
 + Level 3.9 Earth Magic
 + Level 3.9 Poison Magic
 + Level 5.2 Invocations
 + Level 4.7 Evocations


You had 22 spell levels left.
You didn't know any spells.
Your spell library contained the following spells:

 Spells                   Type           Power      Damage    Failure   Level
 Blink                    Tloc           40%        N/A       91%         2
 Lesser Beckoning         Tloc           40%        N/A       91%         2
 Teleport Other           Tloc           20%        N/A       99%         3
 Stone Arrow              Conj/Erth      26%        3d8       100%        3
 Vhi's Electric Charge    Tloc/Air       34%        N/A       100%        3
 Animate Armour           Summ/Erth      26%        N/A       100%        4
 Manifold Assault         Tloc           20%        N/A       100%        4
 Lehudib's Crystal Spear  Conj/Erth      6%         10d3      100%        8


Dungeon Overview and Level Annotations

Branches:
Dungeon (7/15)             Temple (0/1) D:6         Ossuary (visited)

Altars:
Trog

Annotations:
D:6 exclusion: downstairs


Innate Abilities, Weirdness & Mutations

You have very sharp teeth.
Your uncanny sense of smell can sniff out nearby items.
Your experience applies equally to all skills.


Message History

You reflect the bolt off an invisible shield around you!
The bolt closely misses the orc warrior.
You miss something. Your bite misses something.
Something hits you but does no damage.
The gnoll sergeant hits you from afar with a +5 trident of flaming!
The gnoll sergeant burns you.
You closely miss something. You puncture something! Trog accepts your kill.
Trog appreciates your killing of a magic user.
Reactivating autopickup.
You feel a bit more experienced. The gnoll sergeant closely misses you.
You puncture the gnoll!
You kill the gnoll!
Trog accepts your kill.
The orc priest calls down the wrath of Beogh upon you.
Beogh smites you!
The gnoll sergeant hits you but does no damage.
The orc warrior shoots a bolt.
The bolt hits you!
* * * LOW HITPOINT WARNING * * *
You feel the effects of Trog's Hand fading.
Items here: ))) ? [[[ †.
You thump the orc warrior! You bite the orc warrior.
You feel the power of Trog in you as your rage grows.
You kill the orc warrior!
Trog accepts your kill. You block the gnoll's attack.
The gnoll sergeant hits you with a +5 trident of flaming!
* * * LOW HITPOINT WARNING * * *
The gnoll sergeant burns you.
* * * LOW HITPOINT WARNING * * *
You block the gnoll's attack.
Your Spellcasting skill increases to level 7!
You puncture the orc priest!
The orc priest is almost dead.
You block the gnoll's attack.
The orc priest begins to cast a cantrip, but forgets the words!
The orc priest mumbles some strange prayers to Beogh against you.
Beogh smites you!
You die...

###..## #.#..#
#...## ##...##
..### #...## #
#########..##
#####.#
####.......#
.......
.....#####.#
.......
##########.####
.g.....
#........###o......
#
####..##...@o......
.##
#..######g......
..### #... g......
#...# ##.. .......
..# #.## .......
#.#### #.# ##.####
#....# #.# ..
####.# #.# #.#


You could see a gnoll sergeant, 2 orc priests and 2 gnolls.

Vanquished Creatures
  Maggie (D:7)
  An orc warrior (D:7)
  3 ice beasts
  A black bear (D:6)
  A centaur (D:6)
  A phantom (D:4)
  2 bullfrogs (D:7)
  3 scorpions
  4 wights
  5 killer bees (D:7)
  2 howler monkeys
  A centaur zombie (Ossuary)
  A jelly (D:5)
  A human zombie (Ossuary)
  4 hounds
  8 orc priests
  10 iguanas
  7 orc wizards
  2 mummies (Ossuary)
  2 gnolls
  3 river rats (D:5)
  6 adders
  An ufetubus (D:6)
  2 worms
  2 dart slugs
  25 orcs
  11 ball pythons
  5 endoplasms
  8 giant cockroaches
  3 gnoll zombies (Ossuary)
  6 goblins
  4 hobgoblins
  3 jackals (D:3)
  7 kobolds
  2 quokkas
  6 bats
  2 frilled lizards
  2 goblin zombies (Ossuary)
  4 hobgoblin zombies (Ossuary)
  3 orc zombies (Ossuary)
  9 rats
  A rat zombie (D:5)
175 creatures vanquished.

Vanquished Creatures (others)
  An orc wizard (D:6)
1 creature vanquished.

Grand Total: 176 creatures vanquished

Notes
Turn   | Place    | Note
-------+----------+-------------------------------------------
     0 | D:1      | Monkooky the Gnoll Warper began the quest for the Orb.
     0 | D:1      | Reached XP level 1. HP: 20/20 MP: 6/6
   134 | D:1      | Reached XP level 2. HP: 22/26 MP: 7/7
   567 | D:1      | Reached skill level 5 in Spellcasting
   567 | D:1      | Reached XP level 3. HP: 25/31 MP: 7/9
   858 | D:2      | Found a bloodstained altar of Trog.
   889 | D:2      | Became a worshipper of Trog the Wrathful
   927 | D:2      | Reached skill level 1 in Invocations
  1024 | D:2      | Reached skill level 1 in Short Blades
  1024 | D:2      | Reached skill level 1 in Long Blades
  1024 | D:2      | Reached skill level 1 in Axes
  1024 | D:2      | Reached skill level 1 in Maces & Flails
  1024 | D:2      | Reached skill level 1 in Staves
  1024 | D:2      | Reached skill level 1 in Ranged Weapons
  1024 | D:2      | Reached skill level 1 in Stealth
  1024 | D:2      | Reached skill level 1 in Shields
  1024 | D:2      | Reached skill level 1 in Unarmed Combat
  1024 | D:2      | Reached skill level 1 in Evocations
  1622 | D:3      | Reached XP level 4. HP: 38/38 MP: 11/11
  1641 | D:3      | Reached * piety under Trog
  1996 | D:3      | Reached skill level 1 in Conjurations
  1996 | D:3      | Reached skill level 1 in Hexes
  1996 | D:3      | Reached skill level 1 in Summonings
  1996 | D:3      | Reached skill level 1 in Necromancy
  1996 | D:3      | Reached skill level 1 in Transmutations
  1996 | D:3      | Reached skill level 1 in Fire Magic
  1996 | D:3      | Reached skill level 1 in Ice Magic
  1996 | D:3      | Reached skill level 1 in Air Magic
  1996 | D:3      | Reached skill level 1 in Earth Magic
  1996 | D:3      | Reached skill level 1 in Poison Magic
  2228 | D:3      | Found a faded altar of an unknown god.
  2487 | D:4      | Noticed a phantom
  2497 | D:4      | Killed a phantom
  2498 | D:4      | Reached XP level 5. HP: 43/43 MP: 12/12
  2649 | D:4      | Reached XP level 6. HP: 43/50 MP: 13/13
  2814 | D:4      | Reached skill level 5 in Fighting
  2814 | D:4      | Reached skill level 5 in Polearms
  2814 | D:4      | Reached skill level 5 in Dodging
  2902 | D:4      | Reached ** piety under Trog
  3168 | D:4      | HP: 1/51 [orc priest/divine providence (10)]
  3526 | D:4      | Reached XP level 7. HP: 39/56 MP: 15/15
  3873 | D:5      | Entered Level 5 of the Dungeon
  4030 | D:5      | Found a sand-covered staircase.
  4040 | Ossuary  | Entered an ossuary
  4404 | D:5      | Reached XP level 8. HP: 56/63 MP: 16/16
  4658 | D:5      | Reached skill level 6 in Spellcasting
  5386 | D:6      | Reached *** piety under Trog
  5412 | D:6      | Found a staircase to the Ecumenical Temple.
  5886 | D:7      | Noticed Maggie
  5901 | D:6      | Reached XP level 9. HP: 52/69 MP: 18/18
  6006 | D:7      | Reached skill level 5 in Throwing
  6006 | D:7      | Reached skill level 5 in Armour
  6011 | D:7      | Killed Maggie
  6273 | D:7      | Reached skill level 5 in Invocations
  6452 | D:7      | Reached skill level 7 in Spellcasting
  6452 | D:7      | Killed from afar by an orc priest

Illustrated notes

Levels and vault maps discovered:
D:1:      spicycebolla_arrival_xxxplode, layout_basic
D:2:      layout_loops_ring, basic_altar
D:3:      layout_basic, hellmonk_ecumenical_altar_dog_temple
D:4:      layout_basic, minmay_misc_feat_cross
D:5:      layout_gridville, enter_ossuary_3, portal_sewer_entry_e
D:6:      layout_loops_cross, minmay_temple_entry_grid
D:7:      layout_rooms, minitemple, uniq_maggie

Skill      XL: |  1  2  3  4  5  6  7  8  9 |
---------------+----------------------------+-----
Spellcasting   | 5 6 7 |  7.0
Invocations    | 1 2 3 4 5 |  5.2
Short Blades   | 1 2 3 4 |  4.7
Long Blades    | 1 2 3 4 |  4.7
Axes           | 1 2 3 4 |  4.7
Maces & Flails | 1 2 3 4 |  4.7
Staves         | 1 2 3 4 |  4.7
Ranged Weapons | 1 2 3 4 |  4.7
Stealth        | 1 2 3 4 |  4.7
Shields        | 1 2 3 4 |  4.7
Unarmed Combat | 1 2 3 4 |  4.7
Evocations     | 1 2 3 4 |  4.7
Conjurations   | 1 2 3 |  3.9
Hexes          | 1 2 3 |  3.9
Summonings     | 1 2 3 |  3.9
Necromancy     | 1 2 3 |  3.9
Transmutations | 1 2 3 |  3.9
Fire Magic     | 1 2 3 |  3.9
Ice Magic      | 1 2 3 |  3.9
Air Magic      | 1 2 3 |  3.9
Earth Magic    | 1 2 3 |  3.9
Poison Magic   | 1 2 3 |  3.9
Throwing       | 3 4 5 |  5.4
Armour         | 3 4 5 |  5.4
Fighting       | 5 6 |  6.6
Polearms       | 5 6 |  6.6
Dodging        | 5 6 |  6.6
Translocations | 6 |  6.8

Action                     |  1- 3 |  4- 6 |  7- 9 || total
---------------------------+-------+-------+-------++-------
  Melee: Spear             |   198 |   110 |       ||   308
         Bite              |    20 |     8 |    42 ||    70
         Punch             |     1 |     1 |     5 ||     7
         Halberd           |       |   117 |   308 ||   425
         War axe           |       |       |    97 ||    97
         Dire flail        |       |       |    11 ||    11
 Invoke: Berserk           |       |     3 |     4 ||     7
         Trog's Hand       |       |     1 |     2 ||     3
    Use: Scroll            |       |     4 |     5 ||     9
         Potion            |       |       |     1 ||     1
 Armour: Leather armour    |     4 |       |       ||     4
         Chain mail        |    88 |   108 |   142 ||   338
         Plate armour      |       |       |   126 ||   126
  Dodge: Dodged            |    67 |    61 |   277 ||   405
  Block: Other             |       |     7 |   133 ||   140
         Reflection        |       |       |     2 ||     2

Table legend: (Time is in decaauts)
 A = Elapsed time spent in this place.
 B = Non-inter-level travel time spent in this place.
 C = Inter-level travel time spent in this place.
 D = Time resting spent in this place.
 E = Time spent auto-exploring this place.
 F = Levels seen in this place.
 G = Mean time per level.
                   A        B        C        D        E       F      G
               +--------+--------+--------+--------+--------+-----+--------+
         Total |   6581 |   6345 |    236 |    656 |   3869 |   8 |  822.6 |
       Dungeon |   6378 |   6142 |    236 |    656 |   3781 |   7 |  911.1 |
       Ossuary |    202 |    202 |      0 |      0 |     88 |   1 |  202.0 |
               +--------+--------+--------+--------+--------+-----+--------+

Top non-repeatable levels by time:
     D:4: 1316 daAuts
     D:5: 1133 daAuts
     D:3: 981 daAuts
     D:6: 858 daAuts
     D:1: 846 daAuts
     D:2: 746 daAuts
     D:7: 497 daAuts
 Ossuary: 202 daAuts
